Map: Lightshade LE

Players

Kas

  • Race: Terran Terran
  • League: Grandmaster

DnS - Winner!

  • Race: Protoss Protoss
  • League: Master

Event: DreamHack SC2 Masters 2021 Summer

VOD

Have the link to the VOD?

Description

Time

  • Played on: May 30, 2021, 1:45 p.m.
  • Length: 11:31

All games in this series

Show
View Real Time Build Order
Export as new Build Order

Kas Terran 

Build Orders: Reaper Expand 

Get SALT Encoding   

  12  0:00  SCV  
  13  0:12  SCV  
  14  0:17  Supply Depot  
  14  0:24  SCV  
  15  0:38  SCV  
  15  0:40  Barracks  
  16  0:43  Refinery  
  16  0:51  SCV  
  17  1:03  SCV  
  18  1:15  SCV  
  19  1:27  Reaper, Orbital Command  
  20  1:40  Command Center  
  20  1:49  Supply Depot  
  20  1:54  SCV  
  21  2:00  Marine  
  22  2:06  SCV  
  23  2:10  Factory  
  23  2:18  SCV  
  23  2:19  Bunker  
  23  2:21  Barracks Reactor  
  24  2:26  Refinery  
  24  2:32  SCV  
  25  2:44  SCV  
  25  2:54  Orbital Command  
  25  2:55  Hellion  
  25  2:56  Starport  
  25  2:58  SCV  
  27  3:02  Marine x2  
  29  3:10  SCV  
  30  3:17  Widow Mine  
  32  3:20  Marine  
  32  3:22  SCV  
  34  3:29  SCV  
  34  3:31  Marine  
  33  3:37  Marine  
  33  3:39  SCV  
  35  3:41  SCV  
  35  3:47  Supply Depot  
  36  3:49  Factory Tech Lab, Marine  
  36  3:55  Marine  
  37  4:01  Viking  
  39  4:03  SCV  
  39  4:06  SCV  
  39  4:11  Cyclone, Marine  
  39  4:13  Marine  
  39  4:15  SCV  
  45  4:18  SCV  
  44  4:28  SCV  
  44  4:29  Barracks, Marine  
  44  4:30  SCV  
  46  4:40  SCV  
  46  4:41  Barracks  
  46  4:43  Supply Depot  
  47  4:45  SCV  
  47  4:46  Starport Tech Lab  
  47  4:48  Marine  
  47  4:52  SCV  
  50  4:53  Marine  
  50  4:58  SCV  
  52  5:00  Supply Depot  
  52  5:04  SCV  
  53  5:10  SCV  
  54  5:14  Marine x2  
  54  5:16  SCV, Supply Depot  
  54  5:21  Factory Reactor  
  59  5:22  Starport Reactor  
  59  5:23  SCV  
  59  5:25  Stimpack  
  59  5:26  Marine  
  59  5:28  SCV  
  57  5:31  Engineering Bay  
  57  5:35  Refinery, SCV, Marine x2  
  60  5:38  Marine, Combat Shield  
  60  5:40  SCV  
  60  5:54  Marine x2  
  61  5:57  SCV  
  61  5:58  SCV, Marine  
  61  6:00  Terran Infantry Weapons Level 1  
  61  6:02  Marine  
  61  6:04  Widow Mine x2, Medivac x2  
  70  6:10  SCV, Supply Depot  
  73  6:12  Marine  
  73  6:15  SCV  
  73  6:21  Supply Depot x2  
  73  6:22  SCV  
  74  6:28  Widow Mine x2  
  74  6:32  SCV  
  79  6:35  Marine x2  
  79  6:36  Marauder x2  
  85  6:42  Medivac x2  
  85  6:45  Supply Depot  
  85  6:46  SCV x2  
  91  6:48  Refinery  
  91  6:49  Supply Depot  
  91  6:58  SCV  
  92  7:06  Widow Mine x2, Marauder, Marine  
  92  7:07  Marauder  
  92  7:08  Marine  
  102  7:16  Command Center  
  102  7:22  Medivac x2  
  106  7:27  Supply Depot  
  106  7:30  Supply Depot  
  106  7:33  Widow Mine x2  
  104  7:48  Marauder  
  104  7:50  Marauder  
  108  7:55  Widow Mine x2, Marine  
  113  8:12  Marauder x2  
  104  8:14  Marine x2  
  104  8:15  Medivac x2  
  104  8:16  Widow Mine  
  104  8:17  Widow Mine  
  104  8:19  Barracks  
  114  8:20  Barracks  
  114  8:25  SCV  
  115  8:32  SCV, Missile Turret  
  116  8:34  Ghost Academy  
  116  8:37  SCV  
  116  8:38  Widow Mine, Marauder x2, Marine x2  
  125  8:44  SCV  
  125  8:46  Missile Turret  
  126  8:49  SCV  
  126  8:50  Widow Mine  
  126  8:51  Orbital Command  
  129  8:56  Marine  
  129  9:02  Marine  
  132  9:03  Ghost  
  132  9:04  Ghost  
  132  9:08  Barracks Tech Lab  
  132  9:09  Barracks Reactor  
  135  9:11  Medivac x2  
  116  9:26  Ghost  
  116  9:27  Marine x2  
  116  9:29  Widow Mine x2  
  124  9:32  Ghost  
  124  9:33  SCV x3, Armory, Marauder  
  131  9:45  Marine x2  
  133  9:50  Widow Mine  
  133  9:51  Widow Mine  
  137  9:54  Marauder  
  137  9:55  Refinery, Marine  
  137  9:56  Marine  
  137  9:57  Marine  
  146  10:00  Viking x2  
  146  10:01  Marine  
  146  10:03  Refinery  
  143  10:07  SCV  
  145  10:14  Widow Mine x2, Marine  
  145  10:15  Marauder, Marine  
  145  10:16  Marauder  
  153  10:25  SCV x2, Supply Depot  
  153  10:26  SCV  
  155  10:31  Marauder  
  155  10:32  Supply Depot  
  157  10:38  Supply Depot  
  157  10:47  SCV, Marauder x2, Marine x2  
  148  10:57  Marauder  
Show
View Real Time Build Order
Export as new Build Order

DnS Protoss - Winner!

Build Orders: 1 Gate Expand, Oracle Opening, Phoenix Opening, Zealot Archon 

Get SALT Encoding   

  12  0:12  Pylon  
  12  0:13  Probe  
  13  0:29  Probe (Chrono Boost)  
  13  0:31  Gateway  
  14  0:40  Probe (Chrono Boost)  
  14  0:42  Assimilator  
  15  0:45  Probe (Chrono Boost)  
  16  0:55  Probe  
  17  1:07  Probe  
  18  1:18  Cybernetics Core  
  18  1:21  Probe  
  19  1:31  Nexus  
  19  1:35  Probe  
  20  1:41  Pylon  
  20  1:48  Probe  
  20  1:51  Adept (Chrono Boost)  
  23  1:57  Assimilator  
  23  2:02  Probe  
  24  2:11  Adept (Chrono Boost)  
  24  2:14  Probe  
  27  2:26  Probe  
  28  2:32  Stargate  
  28  2:37  Adept  
  28  2:38  Probe  
  31  2:50  Probe (Chrono Boost)  
  33  2:53  Probe (Chrono Boost)  
  33  2:54  Warp Gate  
  33  3:02  Probe (Chrono Boost)  
  35  3:05  Probe (Chrono Boost)  
  35  3:07  Probe (Chrono Boost)  
  36  3:14  Oracle (Chrono Boost)  
  36  3:16  Probe  
  40  3:20  Pylon  
  38  3:31  Probe  
  39  3:35  Probe  
  40  3:43  Probe  
  40  3:44  Gateway, Phoenix (Chrono Boost)  
  40  3:47  Probe  
  44  3:48  Pylon  
  45  3:55  Probe  
  45  3:59  Probe  
  44  4:04  Phoenix (Chrono Boost)  
  44  4:06  Nexus  
  44  4:07  Probe  
  47  4:11  Probe  
  47  4:13  Pylon  
  48  4:19  Probe  
  48  4:23  Probe  
  50  4:28  Phoenix (Chrono Boost)  
  52  4:32  Probe  
  52  4:36  Probe, Gateway  
  54  4:40  Pylon  
  54  4:42  Adept x2  
  54  4:44  Probe  
  59  4:48  Probe, Assimilator  
  59  4:50  Phoenix (Chrono Boost), Assimilator  
  62  4:56  Probe  
  63  5:00  Probe  
  61  5:08  Probe, Adept x2  
  61  5:09  Shield Battery  
  61  5:12  Probe, Phoenix (Chrono Boost)  
  69  5:20  Probe  
  69  5:21  Probe  
  71  5:23  Twilight Council  
  71  5:25  Forge  
  71  5:26  Probe  
  72  5:30  Pylon  
  72  5:32  Probe  
  72  5:33  Probe  
  74  5:38  Phoenix  
  74  5:39  Probe  
  74  5:41  Protoss Ground Weapons Level 1  
  77  5:46  Probe  
  74  5:56  Charge (Chrono Boost)  
  70  6:01  Probe  
  70  6:03  Phoenix  
  73  6:05  Gateway  
  73  6:07  Probe, Gateway  
  73  6:09  Probe, Sentry  
  73  6:10  Gateway  
  75  6:18  Gateway  
  75  6:19  Gateway, Sentry  
  75  6:20  Gateway  
  75  6:23  Photon Cannon  
  77  6:33  Probe x2, Phoenix  
  77  6:34  Probe  
  77  6:36  Shield Battery, Zealot  
  84  6:41  Photon Cannon  
  84  6:43  Zealot, Shield Battery  
  86  6:48  Templar Archives  
  86  6:51  Probe x2  
  86  6:52  Probe  
  86  6:53  Pylon  
  89  6:56  Assimilator  
  89  6:58  Sentry  
  91  7:02  Zealot x2  
  91  7:06  Phoenix  
  97  7:08  Zealot  
  97  7:12  Pylon  
  97  7:14  Pylon  
  97  7:18  Zealot  
  97  7:21  Zealot x3  
  105  7:31  High Templar x2  
  105  7:32  Zealot x2  
  105  7:35  Archon  
  94  7:45  Zealot x2  
  94  7:46  Zealot x2  
  102  7:53  Phoenix  
  102  7:58  Zealot x2  
  102  8:05  Pylon x2  
  104  8:06  Probe (Chrono Boost)  
  104  8:07  Probe x2 (Chrono Boost)  
  99  8:18  Probe (Chrono Boost)  
  99  8:19  Probe x2 (Chrono Boost)  
  102  8:20  Pylon  
  102  8:24  Phoenix  
  104  8:27  High Templar  
  104  8:28  High Templar  
  104  8:33  Archon, Zealot x5  
  104  8:34  Zealot  
  120  8:36  Probe x3  
  120  8:37  Protoss Ground Armor Level 1 (Chrono Boost)  
  120  8:39  Pylon  
  124  8:48  Probe  
  126  8:56  Zealot x4  
  126  8:59  Zealot  
  126  9:00  Zealot x2  
  138  9:07  Probe x3, Pylon  
  141  9:14  Psionic Storm  
  117  9:25  High Templar x2, Zealot x4  
  117  9:26  Zealot x2  
  117  9:29  Archon  
  131  9:32  Probe x2  
  131  9:33  Probe  
  134  9:38  Assimilator  
  134  9:44  Probe x2  
  134  9:45  Probe  
  137  9:50  High Templar x2, Zealot  
  137  9:51  Zealot x3  
  149  9:57  Pylon  
  149  9:59  Pylon x2  
  149  10:13  Pylon  
  149  10:14  Pylon  
  149  10:17  High Templar  
  149  10:18  High Templar  
  149  10:19  High Templar  
  149  10:20  Zealot  
  149  10:21  Zealot  
  159  10:32  Zealot x3  
  165  10:36  Probe x3, Nexus  
  165  10:37  Pylon  
  158  10:52  Zealot x5  
  158  10:53  Zealot  
  158  10:54  Zealot  
Tags
 
Add a new tag
Caveats
  • Supply blocks, unpowered buildings, or Contaminate may cause inaccurate times.
  • Supply counts are checked every 10 seconds.